Dynamic Boxscore Link
Quebec City
Harfang
22-16
2
FINAL
3
Los Angeles
Dynasty
22-21
Summary
Boxscore
Lineups
Recap

2nd Period

1-0 DYNScore
8:34Time
SHType
1-1 TiedScore
9:19Time
PPType
2-1 DYNScore
13:05Time
5v5Type

3rd Period

3-1 DYNScore
7:48Time
PPType
3-2 DYNScore
19:16Time
5v5Type

Penalties

1st Period
Randy Meritie (DYN) for Tripping (Minor) at 7:04
Kory Ellis (DYN) for Interference (Minor) at 17:42
2nd Period
Vladimir Zayev (DYN) for Hooking (Minor) at 1:32
Vladimir Zayev (DYN) for Tripping (Minor) at 8:22
3rd Period
Fredric Bjurling (HAR) for High sticking (Minor) at 7:23
Darian Chalmers (DYN) for Hooking (Minor) at 11:00
HAR
DYN

Quebec City Harfang

# Player Pos G A PTS +/- S PIM TOI SB Hits GA TA
68 Kalle-Veikko Kekalainen LW 1 0 1 1 3 0 13:02 0 1 3 0
18 Isiah Bruton C 0 1 1 1 4 0 17:58 0 0 0 1
74 Pierre Schuck D 0 1 1 0 2 0 20:32 2 2 0 0
9 Fredric Bjurling RW 0 1 1 1 2 2 17:42 0 0 0 0
0 Marko Zachara D 1 0 1 0 3 0 17:55 2 1 0 1
51 Patrick Mccarty C 0 0 0 0 0 0 11:37 0 1 0 0
12 Osma Gullfors RW 0 0 0 0 2 0 18:25 0 0 0 0
11 Dillon Salerno C 0 0 0 0 4 0 11:27 0 0 1 1
28 Tim Humonen C 0 0 0 0 1 0 13:52 1 0 0 0
77 Elijah Sanner D 0 0 0 -1 2 0 23:17 1 4 1 0
24 Brentt Bing RW 0 0 0 -2 2 0 16:56 0 1 0 0
3 Quinn Mccann D 0 0 0 0 0 0 13:52 0 0 0 0
0 Ali Kurakov LW 0 0 0 0 3 0 11:27 0 0 0 1
29 Conrad Montebruno LW 0 0 0 0 5 0 14:25 0 0 0 0
16 Austen Hollman LW 0 0 0 -2 2 0 16:00 0 1 0 1
17 Helgert Pitt C 0 0 0 -2 1 0 16:43 1 2 0 0
44 Griffin Brodie D 0 0 0 -1 3 0 25:34 0 2 0 0
0 Aleksandrs Berzs D 0 0 0 0 1 0 18:50 0 0 0 0
# Goalie GA SA SV SV% TOI
0 Dillon Valenzuela 3 36 33 0.917 59:32
31 Leon Campaner 0 0 0 0.000 0:00
HAR
DYN

Harfang

Harfang

5 vs 5 Forward
Line #Left WingCenterRight WingPHYDFOFWanted %Time %Time Play
1Conrad MontebrunoTim HumonenOsma Gullfors0233227%13:43
2Austen HollmanHelgert PittBrentt Bing0233224%12:09
3Kalle-Veikko KekalainenIsiah BrutonFredric Bjurling0233125%12:40
4Dillon SalernoPatrick MccartyAli Kurakov023523%11:27
5 vs 5 Defense
Line #DefenseDefensePHYDFOFWanted %Time %Time Play
1Elijah SannerPierre Schuck0323537%18:35
2Aleksandrs BerzsGriffin Brodie0323536%17:55
3Quinn MccannMarko Zachara0322526%12:57
4Elijah SannerQuinn Mccann03251%0:32
Power Play Forward
Line #Left WingCenterRight WingPHYDFOFWanted %Time %Time Play
1Austen HollmanHelgert PittBrentt Bing1045046%4:03
2Fredric BjurlingIsiah BrutonOsma Gullfors0055054%4:50
Power Play Defense
Line #DefenseDefensePHYDFOFWanted %Time %Time Play
1Elijah SannerGriffin Brodie0055046%4:06
2Marko ZacharaPierre Schuck0055054%4:47
Penalty Kill 4 Players Forward
Line #CenterWingPHYDFOFWanted %Time %Time Play
1Patrick MccartyTim Humonen1405040%0:10
2Isiah BrutonOsma Gullfors1405060%0:15
Penalty Kill 4 Players Defense
Line #DefenseDefensePHYDFOFWanted %Time %Time Play
1Elijah SannerQuinn Mccann1405060%0:15
2Marko ZacharaAleksandrs Berzs1405040%0:10
Penalty Kill 3 Players
Line #WingPHYDFOFWanted %Time %Time PlayDefenseDefensePHYDFOFWanted %Time %Time Play
1Patrick Mccarty230500%0:00 Elijah SannerQuinn Mccann230500%0:00
2Isiah Bruton230500%0:00 Marko ZacharaAleksandrs Berzs230500%0:00
4 vs 4 Forward
Line #CenterWingPHYDFOFWanted %Time %Time Play
1Helgert PittAusten Hollman122500%0:00
2Isiah BrutonConrad Montebruno122500%0:00
4 vs 4 Defense
Line #DefensePHYDFOFWanted %Time %Time Play
1Elijah SannerQuinn Mccann122500%0:00
2Marko ZacharaPierre Schuck122500%0:00
Last Minutes Offensive
Left WingCenterRight WingDefenseDefense
Conrad MontebrunoHelgert PittBrentt BingElijah SannerPierre Schuck
Last Minutes Defensive
Left WingCenterRight WingDefenseDefense
Conrad MontebrunoIsiah BrutonOsma GullforsAleksandrs BerzsElijah Sanner
Time
Total ForwardTotal DefenseLast Minutes OffensiveLast Minutes Defensive
60:00 60:00 0:430:00
Extra Forwards
Normal PowerPlayPenalty Kill
Isiah Bruton, Conrad Montebruno, Helgert PittIsiah Bruton, Conrad MontebrunoIsiah Bruton
Extra Defensemen
Normal PowerPlayPenalty Kill
Pierre Schuck, Griffin Brodie, Quinn MccannPierre Schuck, Pierre SchuckGriffin Brodie
Penalty Shots
Quinn Mccann, Elijah Sanner, Austen Hollman, Fredric Bjurling, Osma Gullfors
Goalie
Dillon Valenzuela, Leon Campaner
Custom OT Lines Forwards
Tim Humonen, Brentt Bing, Austen Hollman, Osma Gullfors, Isiah Bruton, Conrad Montebruno, Helgert Pitt, Fredric Bjurling, Kalle-Veikko Kekalainen, Patrick Mccarty
Custom OT Lines Defensemen
Elijah Sanner, Quinn Mccann, Marko Zachara, Pierre Schuck, Griffin Brodie
Scratches
Jesse Podloski (Healthy), Matus Pietor (Healthy)
1st Period

0:01 of 1st period - Conrad Montebruno wins face-off versus Vladimir Zayev in neutral zone.
0:14 of 1st period - Wrist shot by Jaiden Moar.
0:14 of 1st period - Shot Misses the Net.
0:26 of 1st period - Elijah Sanner is hit by Darian Chalmers and loses puck.
0:37 of 1st period - Backhand shot by Josef Dolnicek.
0:37 of 1st period - Shot Blocked by Elijah Sanner.
0:51 of 1st period - Snap shot by Elijah Sanner.
0:51 of 1st period - Stopped by Kellen Trayner with a rebound.
1:14 of 1st period - Off-side.
1:15 of 1st period - Patrick Mccarty wins face-off versus Stefan Gordon in neutral zone.
2:10 of 1st period - Carl Svensson is hit by Patrick Mccarty.
4:33 of 1st period - Slapshot by Dillon Salerno.
4:33 of 1st period - Shot Misses the Net.
5:59 of 1st period - Snap shot by Kjell Van Der Kooi.
5:59 of 1st period - Shot Misses the Net.
6:35 of 1st period - Backhand shot by Griffin Brodie.
6:35 of 1st period - Shot Blocked by Carl Svensson.
6:35 of 1st period - Carl Svensson from Dynasty is injured at 6:35 of 1st period (Sprained Right Finger).
6:36 of 1st period - Tim Humonen wins face-off versus Jaiden Moar in Dynasty zone.
6:47 of 1st period - Snap shot by Osma Gullfors.
6:47 of 1st period - Stopped by Kellen Trayner without a rebound.
6:48 of 1st period - Randy Meritie wins face-off versus Helgert Pitt in Dynasty zone.
7:04 of 1st period - Minor Penalty to Randy Meritie for Tripping.
7:05 of 1st period - Helgert Pitt wins face-off versus Jaiden Moar in Dynasty zone.
7:09 of 1st period - Slapshot by Griffin Brodie.
7:09 of 1st period - Deflect By Darian Chalmers.
7:09 of 1st period - Stopped by Kellen Trayner with a rebound.
8:00 of 1st period - Marko Zachara is hit by Misko Bureau and loses puck.
9:04 of 1st period - Penalty to Randy Meritie is over, Randy Meritie is back on ice.
9:26 of 1st period - Tim Humonen is hit by Kory Ellis and loses puck.
10:25 of 1st period - Slapshot by Kaj Spets.
10:25 of 1st period - Shot Misses the Net.
11:11 of 1st period - Wrist shot by Radan Vojta.
11:11 of 1st period - Shot Misses the Net.
11:43 of 1st period - Slapshot by Jaiden Moar.
11:43 of 1st period - Stopped by Dillon Valenzuela with a rebound.
12:05 of 1st period - Darian Chalmers is hit by Brentt Bing and loses puck.
12:35 of 1st period - Onni Tuomanen is hit by Elijah Sanner and loses puck.
12:40 of 1st period - Slapshot by Conrad Montebruno.
12:40 of 1st period - Shot Blocked by Vladimir Zayev.
12:52 of 1st period - Jaiden Moar is hit by Helgert Pitt and loses puck.
13:50 of 1st period - Snap shot by Dillon Salerno.
13:50 of 1st period - Stopped by Kellen Trayner with a rebound.
14:02 of 1st period - Wrist shot by Dillon Salerno.
14:02 of 1st period - Shot Misses the Net.
14:14 of 1st period - Elijah Sanner is hit by Randy Meritie and loses puck.
14:26 of 1st period - Wrist shot by Dillon Salerno.
14:26 of 1st period - Stopped by Kellen Trayner without a rebound.
14:27 of 1st period - Stefan Gordon wins face-off versus Isiah Bruton in Dynasty zone.
14:34 of 1st period - Quinn Mccann is hit by Stefan Gordon and loses puck.
14:41 of 1st period - Fredric Bjurling is hit by Kaj Spets and loses puck.
14:48 of 1st period - Marko Zachara is hit by Stefan Gordon.
15:08 of 1st period - Snap shot by Isiah Bruton.
15:08 of 1st period - Stopped by Kellen Trayner without a rebound.
15:09 of 1st period - Helgert Pitt wins face-off versus Randy Meritie in Dynasty zone.
15:22 of 1st period - Snap shot by Helgert Pitt.
15:22 of 1st period - Stopped by Kellen Trayner without a rebound.
15:23 of 1st period - Tim Humonen wins face-off versus Pierrick Berehowsky in Dynasty zone.
15:32 of 1st period - Slapshot by Osma Gullfors.
15:32 of 1st period - Shot Blocked by Pierrick Berehowsky.
15:34 of 1st period - Slapshot by Conrad Montebruno.
15:34 of 1st period - Shot Blocked by Radan Vojta.
15:36 of 1st period - Snap shot by Conrad Montebruno.
15:36 of 1st period - Shot Blocked by Kaj Spets.
15:38 of 1st period - Wrist shot by Tim Humonen.
15:38 of 1st period - Stopped by Kellen Trayner with a rebound.
15:40 of 1st period - Wrist shot by Conrad Montebruno.
15:40 of 1st period - Shot Blocked by Pierrick Berehowsky.
16:13 of 1st period - Snap shot by Usevalad Skshynetski.
16:13 of 1st period - Shot Misses the Net.
16:57 of 1st period - Slapshot by Misko Bureau.
16:57 of 1st period - Stopped by Dillon Valenzuela with a rebound.
16:59 of 1st period - Wrist shot by Dru Delisle.
16:59 of 1st period - Deflect By Vladimir Zayev.
16:59 of 1st period - Stopped by Dillon Valenzuela with a rebound.
17:01 of 1st period - Backhand shot by Kaj Spets.
17:01 of 1st period - Shot Misses the Net.
17:13 of 1st period - Slapshot by Darian Chalmers.
17:13 of 1st period - Shot Misses the Net.
17:25 of 1st period - Slapshot by Kjell Van Der Kooi.
17:25 of 1st period - Stopped by Dillon Valenzuela with a rebound.
17:39 of 1st period - Snap shot by Tim Humonen.
17:39 of 1st period - Deflect By Darian Chalmers.
17:39 of 1st period - Shot Blocked by Onni Tuomanen.
17:39 of 1st period - Puck is out of play.
17:40 of 1st period - Pierrick Berehowsky wins face-off versus Conrad Montebruno in Dynasty zone.
17:42 of 1st period - Minor Penalty to Kory Ellis for Interference.
17:43 of 1st period - Isiah Bruton wins face-off versus Jaiden Moar in Dynasty zone.
17:53 of 1st period - Slapshot by Elijah Sanner.
17:53 of 1st period - Deflect By Isiah Bruton.
17:53 of 1st period - Shot Hit the Post.
17:53 of 1st period - Puck is out of play.
17:54 of 1st period - Randy Meritie wins face-off versus Helgert Pitt in Dynasty zone.
18:03 of 1st period - Snap shot by Austen Hollman.
18:03 of 1st period - Stopped by Kellen Trayner with a rebound.
18:05 of 1st period - Snap shot by Pierre Schuck.
18:05 of 1st period - Shot Misses the Net.
18:07 of 1st period - Snap shot by Brentt Bing.
18:07 of 1st period - Stopped by Kellen Trayner with a rebound.
18:09 of 1st period - Snap shot by Brentt Bing.
18:09 of 1st period - Shot Misses the Net.
18:11 of 1st period - Slapshot by Marko Zachara.
18:11 of 1st period - Stopped by Kellen Trayner without a rebound.
18:12 of 1st period - Isiah Bruton wins face-off versus Randy Meritie in Dynasty zone.
19:42 of 1st period - Penalty to Kory Ellis is over, Kory Ellis is back on ice.
Goals for this period are 0 for Harfang vs 0 for Dynasty.
Shots for this period are 11 for Harfang vs 4 for Dynasty.
2nd Period

0:01 of 2nd period - Jaiden Moar wins face-off versus Tim Humonen in neutral zone.
0:49 of 2nd period - Slapshot by Pierrick Berehowsky.
0:49 of 2nd period - Stopped by Dillon Valenzuela without a rebound.
0:50 of 2nd period - Isiah Bruton wins face-off versus Pierrick Berehowsky in Harfang zone.
1:00 of 2nd period - Wrist shot by Errol Merwin.
1:00 of 2nd period - Shot Blocked by Pierre Schuck.
1:02 of 2nd period - Wrist shot by Radan Vojta.
1:02 of 2nd period - Stopped by Dillon Valenzuela without a rebound.
1:03 of 2nd period - Jaiden Moar wins face-off versus Tim Humonen in Harfang zone.
1:12 of 2nd period - Slapshot by Jaiden Moar.
1:12 of 2nd period - Stopped by Dillon Valenzuela with a rebound.
1:14 of 2nd period - Snap shot by Darian Chalmers.
1:14 of 2nd period - Shot Misses the Net.
1:16 of 2nd period - Snap shot by Vladimir Zayev.
1:16 of 2nd period - Stopped by Dillon Valenzuela without a rebound.
1:17 of 2nd period - Isiah Bruton wins face-off versus Jaiden Moar in Harfang zone.
1:17 of 2nd period - Isiah Bruton is hit by Darian Chalmers.
1:32 of 2nd period - Minor Penalty to Vladimir Zayev for Hooking.
1:33 of 2nd period - Randy Meritie wins face-off versus Isiah Bruton in Dynasty zone.
1:47 of 2nd period - Snap shot by Isiah Bruton.
1:47 of 2nd period - Stopped by Kellen Trayner with a rebound.
1:49 of 2nd period - Wrist shot by Osma Gullfors.
1:49 of 2nd period - Shot Misses the Net.
3:32 of 2nd period - Penalty to Vladimir Zayev is over, Vladimir Zayev is back on ice.
3:41 of 2nd period - Slapshot by Onni Tuomanen.
3:41 of 2nd period - Shot Misses the Net.
4:02 of 2nd period - Osma Gullfors is hit by Stefan Gordon and loses puck.
4:15 of 2nd period - Elijah Sanner is hit by Dru Delisle and loses puck.
5:11 of 2nd period - Pierre Schuck is hit by Darian Chalmers and loses puck.
5:22 of 2nd period - Wrist shot by Josef Dolnicek.
5:22 of 2nd period - Deflect By Pierre Schuck.
5:22 of 2nd period - Stopped by Dillon Valenzuela without a rebound.
5:23 of 2nd period - Tim Humonen wins face-off versus Jaiden Moar in Harfang zone.
5:23 of 2nd period - Tim Humonen is hit by Darian Chalmers.
6:12 of 2nd period - Off-side.
6:13 of 2nd period - Kjell Van Der Kooi wins face-off versus Isiah Bruton in neutral zone.
6:16 of 2nd period - Slapshot by Kaj Spets.
6:16 of 2nd period - Stopped by Dillon Valenzuela without a rebound.
6:17 of 2nd period - Kjell Van Der Kooi wins face-off versus Isiah Bruton in Harfang zone.
6:34 of 2nd period - Slapshot by Isiah Bruton.
6:34 of 2nd period - Stopped by Kellen Trayner without a rebound.
6:35 of 2nd period - Randy Meritie wins face-off versus Helgert Pitt in Dynasty zone.
6:35 of 2nd period - Randy Meritie is hit by Marko Zachara.
7:22 of 2nd period - Wrist shot by Kalle-Veikko Kekalainen.
7:22 of 2nd period - Deflect By Errol Merwin.
7:22 of 2nd period - Shot Hit the Post.
7:22 of 2nd period - Puck is out of play.
7:23 of 2nd period - Pierrick Berehowsky wins face-off versus Isiah Bruton in Dynasty zone.
7:28 of 2nd period - Wrist shot by Radan Vojta.
7:28 of 2nd period - Stopped by Dillon Valenzuela with a rebound.
7:38 of 2nd period - Snap shot by Pierrick Berehowsky.
7:38 of 2nd period - Stopped by Dillon Valenzuela without a rebound.
7:39 of 2nd period - Helgert Pitt wins face-off versus Randy Meritie in Harfang zone.
8:05 of 2nd period - Vladimir Zayev is hit by Elijah Sanner and loses puck.
8:12 of 2nd period - Slapshot by Conrad Montebruno.
8:12 of 2nd period - Stopped by Kellen Trayner with a rebound.
8:14 of 2nd period - Snap shot by Conrad Montebruno.
8:14 of 2nd period - Stopped by Kellen Trayner with a rebound.
8:22 of 2nd period - Minor Penalty to Vladimir Zayev for Tripping.
8:23 of 2nd period - Randy Meritie wins face-off versus Helgert Pitt in Dynasty zone.
8:30 of 2nd period - Slapshot by Darian Chalmers.
8:30 of 2nd period - Stopped by Dillon Valenzuela with a rebound.
8:34 of 2nd period - Slapshot by Josef Dolnicek.
8:34 of 2nd period - Goal by Josef Dolnicek - Harfang : 0 - Dynasty : 1.
8:35 of 2nd period - Isiah Bruton wins face-off versus Jaiden Moar in neutral zone.
8:40 of 2nd period - Slapshot by Pierre Schuck.
8:40 of 2nd period - Stopped by Kellen Trayner with a rebound.
8:57 of 2nd period - Icing by Fredric Bjurling.
8:58 of 2nd period - Fredric Bjurling wins face-off versus Jaiden Moar in Harfang zone.
9:19 of 2nd period - Slapshot by Marko Zachara.
9:19 of 2nd period - Goal by Marko Zachara - Harfang : 1 - Dynasty : 1.
9:20 of 2nd period - Helgert Pitt wins face-off versus Pierrick Berehowsky in neutral zone.
9:23 of 2nd period - Slapshot by Pierre Schuck.
9:23 of 2nd period - Stopped by Kellen Trayner with a rebound.
9:33 of 2nd period - Wrist shot by Austen Hollman.
9:33 of 2nd period - Stopped by Kellen Trayner without a rebound.
9:34 of 2nd period - Randy Meritie wins face-off versus Tim Humonen in Dynasty zone.
10:01 of 2nd period - Vladimir Zayev is hit by Kalle-Veikko Kekalainen and loses puck.
10:08 of 2nd period - Slapshot by Misko Bureau.
10:08 of 2nd period - Stopped by Dillon Valenzuela with a rebound.
10:28 of 2nd period - Snap shot by Brentt Bing.
10:28 of 2nd period - Stopped by Kellen Trayner with a rebound.
10:56 of 2nd period - Elijah Sanner is hit by Josef Dolnicek and loses puck.
11:13 of 2nd period - Wrist shot by Kalle-Veikko Kekalainen.
11:13 of 2nd period - Shot Misses the Net.
11:29 of 2nd period - Slapshot by Dillon Salerno.
11:29 of 2nd period - Stopped by Kellen Trayner without a rebound.
11:30 of 2nd period - Patrick Mccarty wins face-off versus Kjell Van Der Kooi in Dynasty zone.
11:33 of 2nd period - Wrist shot by Griffin Brodie.
11:33 of 2nd period - Stopped by Kellen Trayner without a rebound.
11:34 of 2nd period - Pierrick Berehowsky wins face-off versus Helgert Pitt in Dynasty zone.
11:34 of 2nd period - Pierrick Berehowsky is hit by Helgert Pitt.
11:46 of 2nd period - Snap shot by Pierrick Berehowsky.
11:46 of 2nd period - Shot Blocked by Helgert Pitt.
12:08 of 2nd period - Snap shot by Isiah Bruton.
12:08 of 2nd period - Shot Blocked by Josef Dolnicek.
12:10 of 2nd period - Slapshot by Aleksandrs Berzs.
12:10 of 2nd period - Stopped by Kellen Trayner with a rebound.
12:30 of 2nd period - Backhand shot by Vladimir Zayev.
12:30 of 2nd period - Shot Blocked by Marko Zachara.
12:48 of 2nd period - Slapshot by Pierrick Berehowsky.
12:48 of 2nd period - Stopped by Dillon Valenzuela with a rebound.
12:55 of 2nd period - Icing by Quinn Mccann.
12:56 of 2nd period - Kjell Van Der Kooi wins face-off versus Helgert Pitt in Harfang zone.
13:01 of 2nd period - Snap shot by Herman Chaisson.
13:01 of 2nd period - Shot Misses the Net.
13:03 of 2nd period - Slapshot by Kaj Spets.
13:03 of 2nd period - Stopped by Dillon Valenzuela with a rebound.
13:05 of 2nd period - Snap shot by Usevalad Skshynetski.
13:05 of 2nd period - Goal by Usevalad Skshynetski - Harfang : 1 - Dynasty : 2.
13:06 of 2nd period - Isiah Bruton wins face-off versus Jaiden Moar in neutral zone.
13:13 of 2nd period - Wrist shot by Kalle-Veikko Kekalainen.
13:13 of 2nd period - Shot Blocked by Dru Delisle.
13:33 of 2nd period - Aleksandrs Berzs is hit by Radan Vojta.
13:59 of 2nd period - Wrist shot by Randy Meritie.
13:59 of 2nd period - Shot Misses the Net.
14:01 of 2nd period - Snap shot by Usevalad Skshynetski.
14:01 of 2nd period - Stopped by Dillon Valenzuela with a rebound.
14:03 of 2nd period - Wrist shot by Usevalad Skshynetski.
14:03 of 2nd period - Shot Misses the Net.
14:05 of 2nd period - Slapshot by Kaj Spets.
14:05 of 2nd period - Deflect By Brentt Bing.
14:05 of 2nd period - Stopped by Dillon Valenzuela with a rebound.
14:07 of 2nd period - Backhand shot by Randy Meritie.
14:07 of 2nd period - Shot Misses the Net.
14:19 of 2nd period - Wrist shot by Pierre Schuck.
14:19 of 2nd period - Shot Blocked by Dru Delisle.
14:21 of 2nd period - Slapshot by Pierre Schuck.
14:21 of 2nd period - Shot Misses the Net.
14:23 of 2nd period - Slapshot by Elijah Sanner.
14:23 of 2nd period - Deflect By Kalle-Veikko Kekalainen.
14:23 of 2nd period - Stopped by Kellen Trayner with a rebound.
14:25 of 2nd period - Snap shot by Isiah Bruton.
14:25 of 2nd period - Stopped by Kellen Trayner with a rebound.
14:43 of 2nd period - Snap shot by Kjell Van Der Kooi.
14:43 of 2nd period - Stopped by Dillon Valenzuela with a rebound.
14:45 of 2nd period - Backhand shot by Kory Ellis.
14:45 of 2nd period - Shot Blocked by Marko Zachara.
15:14 of 2nd period - Icing by Quinn Mccann.
15:15 of 2nd period - Randy Meritie wins face-off versus Patrick Mccarty in Harfang zone.
15:16 of 2nd period - Slapshot by Josef Dolnicek.
15:16 of 2nd period - Stopped by Dillon Valenzuela with a rebound.
15:56 of 2nd period - Wrist shot by Brentt Bing.
15:56 of 2nd period - Shot Misses the Net.
16:42 of 2nd period - Slapshot by Elijah Sanner.
16:42 of 2nd period - Deflect By Josef Dolnicek.
16:42 of 2nd period - Stopped by Kellen Trayner with a rebound.
16:44 of 2nd period - Snap shot by Tim Humonen.
16:44 of 2nd period - Shot Misses the Net.
17:00 of 2nd period - Wrist shot by Jaiden Moar.
17:00 of 2nd period - Deflect By Dru Delisle.
17:00 of 2nd period - Stopped by Dillon Valenzuela without a rebound.
17:01 of 2nd period - Isiah Bruton wins face-off versus Pierrick Berehowsky in Harfang zone.
17:08 of 2nd period - Slapshot by Marko Zachara.
17:08 of 2nd period - Stopped by Kellen Trayner without a rebound.
17:09 of 2nd period - Isiah Bruton wins face-off versus Pierrick Berehowsky in Dynasty zone.
17:24 of 2nd period - Slapshot by Pierrick Berehowsky.
17:24 of 2nd period - Stopped by Dillon Valenzuela without a rebound.
17:25 of 2nd period - Tim Humonen wins face-off versus Randy Meritie in Harfang zone.
17:25 of 2nd period - Tim Humonen is hit by Josef Dolnicek.
17:35 of 2nd period - Snap shot by Osma Gullfors.
17:35 of 2nd period - Stopped by Kellen Trayner with a rebound.
17:56 of 2nd period - Wrist shot by Errol Merwin.
17:56 of 2nd period - Stopped by Dillon Valenzuela with a rebound.
17:58 of 2nd period - Snap shot by Pierrick Berehowsky.
17:58 of 2nd period - Shot Blocked by Pierre Schuck.
18:00 of 2nd period - Snap shot by Pierrick Berehowsky.
18:00 of 2nd period - Shot Misses the Net.
18:02 of 2nd period - Snap shot by Errol Merwin.
18:02 of 2nd period - Stopped by Dillon Valenzuela with a rebound.
18:04 of 2nd period - Slapshot by Darian Chalmers.
18:04 of 2nd period - Shot Blocked by Tim Humonen.
18:36 of 2nd period - Wrist shot by Josef Dolnicek.
18:36 of 2nd period - Stopped by Dillon Valenzuela with a rebound.
18:44 of 2nd period - Isiah Bruton is hit by Josef Dolnicek and loses puck.
19:01 of 2nd period - Snap shot by Ali Kurakov.
19:01 of 2nd period - Stopped by Kellen Trayner with a rebound.
19:09 of 2nd period - Wrist shot by Dillon Salerno.
19:09 of 2nd period - Deflect By Ali Kurakov.
19:09 of 2nd period - Stopped by Kellen Trayner with a rebound.
19:11 of 2nd period - Snap shot by Dillon Salerno.
19:11 of 2nd period - Stopped by Kellen Trayner without a rebound.
19:12 of 2nd period - Jaiden Moar wins face-off versus Helgert Pitt in Dynasty zone.
Goals for this period are 1 for Harfang vs 2 for Dynasty.
Shots for this period are 20 for Harfang vs 23 for Dynasty.
3rd Period

0:01 of 3rd period - Helgert Pitt wins face-off versus Vladimir Zayev in neutral zone.
0:39 of 3rd period - Wrist shot by Osma Gullfors.
0:39 of 3rd period - Shot Blocked by Darian Chalmers.
1:35 of 3rd period - Kaj Spets is hit by Pierre Schuck and loses puck.
1:42 of 3rd period - Slapshot by Dillon Salerno.
1:42 of 3rd period - Deflect By Ali Kurakov.
1:42 of 3rd period - Stopped by Kellen Trayner with a rebound.
1:44 of 3rd period - Snap shot by Dillon Salerno.
1:44 of 3rd period - Shot Blocked by Kjell Van Der Kooi.
2:46 of 3rd period - Brentt Bing is hit by Randy Meritie and loses puck.
3:23 of 3rd period - Snap shot by Kalle-Veikko Kekalainen.
3:23 of 3rd period - Stopped by Kellen Trayner with a rebound.
3:33 of 3rd period - Slapshot by Pierrick Berehowsky.
3:33 of 3rd period - Stopped by Dillon Valenzuela with a rebound.
5:09 of 3rd period - Slapshot by Vladimir Zayev.
5:09 of 3rd period - Deflect By Jaiden Moar.
5:09 of 3rd period - Stopped by Dillon Valenzuela without a rebound.
5:10 of 3rd period - Jaiden Moar wins face-off versus Helgert Pitt in Harfang zone.
5:17 of 3rd period - Wrist shot by Vladimir Zayev.
5:17 of 3rd period - Deflect By Marko Zachara.
5:17 of 3rd period - Shot Misses the Net.
5:17 of 3rd period - Puck is out of play.
5:18 of 3rd period - Usevalad Skshynetski wins face-off versus Conrad Montebruno in Harfang zone.
5:27 of 3rd period - Osma Gullfors is hit by Josef Dolnicek and loses puck.
6:29 of 3rd period - Snap shot by Conrad Montebruno.
6:29 of 3rd period - Shot Misses the Net.
6:35 of 3rd period - Wrist shot by Conrad Montebruno.
6:35 of 3rd period - Stopped by Kellen Trayner without a rebound.
6:36 of 3rd period - Isiah Bruton wins face-off versus Jaiden Moar in Dynasty zone.
7:14 of 3rd period - Snap shot by Pierrick Berehowsky.
7:14 of 3rd period - Stopped by Dillon Valenzuela without a rebound.
7:15 of 3rd period - Randy Meritie wins face-off versus Isiah Bruton in Harfang zone.
7:23 of 3rd period - Minor Penalty to Fredric Bjurling for High sticking.
7:24 of 3rd period - Isiah Bruton wins face-off versus Jaiden Moar in Harfang zone.
7:38 of 3rd period - Off-side.
7:39 of 3rd period - Randy Meritie wins face-off versus Patrick Mccarty in neutral zone.
7:48 of 3rd period - Wrist shot by Usevalad Skshynetski.
7:48 of 3rd period - Goal by Usevalad Skshynetski - Harfang : 1 - Dynasty : 3.
7:49 of 3rd period - Helgert Pitt wins face-off versus Pierrick Berehowsky in neutral zone.
8:47 of 3rd period - Dru Delisle is hit by Elijah Sanner and loses puck.
9:10 of 3rd period - Wrist shot by Pierrick Berehowsky.
9:10 of 3rd period - Stopped by Dillon Valenzuela with a rebound.
9:51 of 3rd period - Quinn Mccann is hit by Kjell Van Der Kooi and loses puck.
10:15 of 3rd period - Slapshot by Quinn Mccann.
10:15 of 3rd period - Shot Misses the Net.
10:17 of 3rd period - Backhand shot by Quinn Mccann.
10:17 of 3rd period - Shot Blocked by Dru Delisle.
10:39 of 3rd period - Snap shot by Radan Vojta.
10:39 of 3rd period - Stopped by Dillon Valenzuela with a rebound.
10:41 of 3rd period - Wrist shot by Pierrick Berehowsky.
10:41 of 3rd period - Stopped by Dillon Valenzuela with a rebound.
11:00 of 3rd period - Minor Penalty to Darian Chalmers for Hooking.
11:01 of 3rd period - Helgert Pitt wins face-off versus Randy Meritie in Dynasty zone.
11:27 of 3rd period - Isiah Bruton is hit by Josef Dolnicek and loses puck.
11:34 of 3rd period - Slapshot by Pierre Schuck.
11:34 of 3rd period - Deflect By Isiah Bruton.
11:34 of 3rd period - Shot Blocked by Josef Dolnicek.
11:34 of 3rd period - Puck is out of play.
11:35 of 3rd period - Jaiden Moar wins face-off versus Fredric Bjurling in Dynasty zone.
11:46 of 3rd period - Snap shot by Jaiden Moar.
11:46 of 3rd period - Shot Misses the Net.
12:02 of 3rd period - Austen Hollman is hit by Josef Dolnicek and loses puck.
13:00 of 3rd period - Penalty to Darian Chalmers is over, Darian Chalmers is back on ice.
13:16 of 3rd period - Elijah Sanner is hit by Onni Tuomanen.
13:20 of 3rd period - Patrick Mccarty is hit by Kjell Van Der Kooi and loses puck.
13:47 of 3rd period - Brentt Bing is hit by Darian Chalmers.
13:56 of 3rd period - Vladimir Zayev is hit by Austen Hollman and loses puck.
14:39 of 3rd period - Errol Merwin is hit by Pierre Schuck and loses puck.
15:02 of 3rd period - Snap shot by Usevalad Skshynetski.
15:02 of 3rd period - Stopped by Dillon Valenzuela without a rebound.
15:03 of 3rd period - Isiah Bruton wins face-off versus Randy Meritie in Harfang zone.
15:08 of 3rd period - Slapshot by Fredric Bjurling.
15:08 of 3rd period - Stopped by Kellen Trayner without a rebound.
15:09 of 3rd period - Isiah Bruton wins face-off versus Radan Vojta in Dynasty zone.
15:54 of 3rd period - Vladimir Zayev is hit by Griffin Brodie and loses puck.
16:07 of 3rd period - Aleksandrs Berzs is hit by Kory Ellis and loses puck.
16:22 of 3rd period - Snap shot by Conrad Montebruno.
16:22 of 3rd period - Stopped by Kellen Trayner with a rebound.
16:24 of 3rd period - Slapshot by Griffin Brodie.
16:24 of 3rd period - Deflect By Vladimir Zayev.
16:24 of 3rd period - Stopped by Kellen Trayner with a rebound.
16:26 of 3rd period - Snap shot by Tim Humonen.
16:26 of 3rd period - Deflect By Conrad Montebruno.
16:26 of 3rd period - Stopped by Kellen Trayner with a rebound.
16:28 of 3rd period - Snap shot by Tim Humonen.
16:28 of 3rd period - Shot Misses the Net.
16:30 of 3rd period - Slapshot by Griffin Brodie.
16:30 of 3rd period - Deflect By Conrad Montebruno.
16:30 of 3rd period - Shot Blocked by Vladimir Zayev.
16:30 of 3rd period - Puck is out of play.
16:31 of 3rd period - Isiah Bruton wins face-off versus Pierrick Berehowsky in Dynasty zone.
16:32 of 3rd period - Slapshot by Kalle-Veikko Kekalainen.
16:32 of 3rd period - Shot Misses the Net.
16:34 of 3rd period - Slapshot by Elijah Sanner.
16:34 of 3rd period - Shot Misses the Net.
17:05 of 3rd period - Pierre Schuck is hit by Misko Bureau and loses puck.
17:06 of 3rd period - Pierre Schuck from Harfang is injured at 17:06 of 3rd period (Bruised Right Leg).
17:07 of 3rd period - Pierrick Berehowsky wins face-off versus Isiah Bruton in Harfang zone.
17:08 of 3rd period - Snap shot by Errol Merwin.
17:08 of 3rd period - Deflect By Pierrick Berehowsky.
17:08 of 3rd period - Stopped by Dillon Valenzuela without a rebound.
17:09 of 3rd period - Pierrick Berehowsky wins face-off versus Isiah Bruton in Harfang zone.
17:23 of 3rd period - Snap shot by Fredric Bjurling.
17:23 of 3rd period - Stopped by Kellen Trayner without a rebound.
17:24 of 3rd period - Pierrick Berehowsky wins face-off versus Isiah Bruton in Dynasty zone.
17:43 of 3rd period - Radan Vojta is hit by Elijah Sanner and loses puck.
19:14 of 3rd period - Snap shot by Isiah Bruton.
19:14 of 3rd period - Shot Blocked by Vladimir Zayev.
19:16 of 3rd period - Snap shot by Fredric Bjurling.
19:16 of 3rd period - Deflect By Kalle-Veikko Kekalainen.
19:16 of 3rd period - Goal by Kalle-Veikko Kekalainen - Harfang : 2 - Dynasty : 3.
19:17 of 3rd period - Helgert Pitt wins face-off versus Randy Meritie in neutral zone.
19:20 of 3rd period - Onni Tuomanen is hit by Griffin Brodie and loses puck.
19:32 of 3rd period - Harfang, Dillon Valenzuela is pulled from the net.
Goals for this period are 1 for Harfang vs 1 for Dynasty.
Shots for this period are 9 for Harfang vs 9 for Dynasty.

3 STARS

1st Star
LW
10
G 1
A 1
+/- 2
TOI 17:05
2nd Star
RW
71
G 2
A 0
+/- 1
TOI 13:51
3rd Star
G
39
SA 40
GA 2
SV% 0.950
TOI 60:00

Game Stats

HAR
VS
DYN
2 Goals 3
40 Shots 36
7 Blocked Shots 16
16 Missed Shots 16
53.7 Faceoff % 46.3
5 Power Plays 1
1 Power Play Goals 1
0.2 Power Play % 1

GAME DETAILS

VENUE
Unknown
CITY
Unknown
REFEREES
Jackson Kozari, David Lilly
LINESMEN
Zach Carson, Jay Sharrers
ATTENDANCE
16,629